Cogmind - Beta 15 @@@ ROGUE MODE // 2025.08.31 @ 02:16:03 Player: odium reigns Result: Destroyed by G-50 Soldier with Heavy Laser Performance ------------- Evolutions (1) 500 Regions Visited (6) 1200 Robots Destroyed (29) 145 Value Destroyed (513) 513 Prototype IDs (0) 0 Alien Tech Used (0) 0 Bonus (1099) 1099 TOTAL SCORE: 3457 Bonus ------- Follower Combat Kills 521 Met Imprinter 300 Was Imprinted 300 Friendly Fire -22 Cogmind --------- Core Integrity 0/400 Matter 300/300 Energy 100/100 System Corruption 0% Temperature Cool (9) Movement Walking (190) Ox1 Location -6/Proximity Caves Parts ------- > --- POWER (1) -------- (None) > --- PROPULSION (4) --- Carbon-fiber Leg > --- UTILITY (2) ------ Large Storage Unit Hardened Light Armor Plating > --- WEAPON (2) ------- CR-A16's Pointy Stick > --- INVENTORY (15) --- Flexi-carbon Leg Cesium-ion Thruster Visual Processing Unit Terrain Scanner Kinecellerator Propulsion Shielding Hacking Drone Bay Shotgun Datajack Plasma Cutter GAL Module Peak State ------------ > --- POWER ------------ Ion Engine > --- PROPULSION ------- Aluminum Leg Aluminum Leg Aluminum Leg Improved Titanium Leg > --- UTILITY ---------- Large Storage Unit Hardened Light Armor Plating > --- WEAPON ----------- Autogun Autogun > --- INVENTORY -------- Ion Engine Light Ion Engine Light Ion Engine Carbon-fiber Leg Visual Processing Unit Terrain Scanner Hacking Drone Bay Shotgun Shotgun Shotgun Datajack Mining Laser Plasma Cutter CR-A16's Pointy Stick GAL Module [Rating: 19] Favorites ----------- Power Ion Engine Engine Ion Engine Propulsion Aluminum Leg Treads Light Treads Leg Aluminum Leg Utility Large Storage Unit Device Seismic Detector Storage Large Storage Unit Protection Hardened Light Armor Plating Weapon Autogun Energy Gun Small Laser Ballistic Gun Autogun Special Weapon Mining Laser Piercing Weapon CR-A16's Pointy Stick Build | -11 -10 -10 -9 -9 -7 -6 ------- Run | Yrd Mat Min Mat Min Zio Pro Slots Evolved 2 | . . . 2 . . . Power . | . . . . . . . Propulsion 2 | . . . 2 . . . Utility . | . . . . . . . Weapon . | . . . . . . . Parts Attached 33 | 10 1 . 13 . 3 6 Power 5 | 2 . . 1 . . 2 Engine 5 | 2 . . 1 . . 2 Core . | . . . . . . . Reactor . | . . . . . . . Propulsion 10 | 2 . . 6 . 1 1 Treads 2 | . . . 2 . . . Leg 8 | 2 . . 4 . 1 1 Wheel . | . . . . . . . Hover . | . . . . . . . Flight . | . . . . . . . Utility 5 | 2 1 . 2 . . . Device 1 | 1 . . . . . . Storage 3 | 1 1 . 1 . . . Processor . | . . . . . . . Hackware . | . . . . . . . Protection 1 | . . . 1 . . . Artifact . | . . . . . . . Weapon 13 | 4 . . 4 . 2 3 Energy Gun 2 | 2 . . . . . . Energy Cannon . | . . . . . . . Ballistic Gun 9 | 1 . . 4 . 2 2 Ballistic Cannon . | . . . . . . . Launcher . | . . . . . . . Special Weapon 1 | 1 . . . . . . Impact Weapon . | . . . . . . . Slashing Weapon . | . . . . . . . Piercing Weapon 1 | . . . . . . 1 Special Melee Weapon . | . . . . . . . Unidentified Prototypes . | . . . . . . . Parts Lost 8 | . . 1 1 . . 6 Power 2 | . . . . . . 2 Propulsion 5 | . . . 1 . . 4 Utility . | . . . . . . . Weapon 1 | . . 1 . . . . Highest Loss Streak 3 | . . 1 1 . . 3 To Critical Strikes . | . . . . . . . Average Backups 12 | 5 8 9 12 15 14 12 Power 2 | . 1 1 2 3 2 1 Propulsion 1 | 2 4 4 1 1 . . Utility 2 | . . 1 2 2 3 4 Weapon 4 | 1 2 2 3 7 5 4 Tool/Special . | . . . . . . . Unused Backups 13 | . 1 . 2 . 2 8 Power 1 | . . . . . 1 . Propulsion 4 | . 1 . 2 . . 1 Utility 5 | . . . . . . 5 Weapon 1 | . . . . . 1 . Tool/Special 2 | . . . . . . 2 Average Slot Usage (%) 97 | . 100 100 97 100 100 83 Engine 10 | . 14 14 11 11 11 7 Treads 1 | . . . 10 . . . Leg 39 | . 28 28 32 44 44 34 Device 3 | . 14 14 10 . . . Storage 11 | . 14 14 11 11 11 11 Protection 8 | . . . . 11 11 11 Energy Gun 3 | . 28 28 4 . . . Ballistic Gun 18 | . . . 16 22 22 17 Peak Build Rating 19 | 7 7 8 14 14 19 19 Average Rating 14 | 6 7 7 11 14 17 17 On Entrance 9 | . 7 7 7 14 14 19 Naked Turns . | . . . . . . . Heaviest Build 36 | 12 17 17 36 36 36 36 Greatest Support 50 | 20 20 20 40 40 50 50 Greatest Overweight (x) 1 | . . . 1 . . 1 Average Overweight (x) . | . . . . . . . Largest Inventory Capacity 15 | 8 10 10 15 15 15 15 Average Capacity 14 | 7 8 10 14 15 15 15 Most Carried 15 | 8 9 10 15 15 15 15 Average Carried 13 | 5 8 9 12 15 14 13 Final Capacity 15 | 8 10 10 15 15 15 15 Final Carried 15 | 8 9 10 15 15 15 11 Class Distribution -------------------- 97% | Mutant Dominant Class ---------------- Mutant | -10/Materials Mutant | -10/Mines Mutant | -9/Materials Mutant | -9/Mines Mutant | -7/Zion Mutant | -6/Proximity Caves Resources | -11 -10 -10 -9 -9 -7 -6 ----------- Run | Yrd Mat Min Mat Min Zio Pro Matter Collected 890 | 310 10 . 359 . 44 167 Remotely . | . . . . . . . Salvage Created 850 | 130 87 53 518 . . 62 Parts 62 | 5 2 5 47 . . 3 Haulers Intercepted 2 | . . . 2 . . . Recyclers Shooed 2 | . . . 2 . . . Parts Field Recycled . | . . . . . . . Retrieved Matter . | . . . . . . . Parts Self-Destructed 31 | . . . . . 4 27 Prevented 2 | . . . . . . 2 Kills | -11 -10 -10 -9 -9 -7 -6 ------- Run | Yrd Mat Min Mat Min Zio Pro Combat Hostiles Destroyed 18 | . 2 3 12 . . 1 Melee 1 | . . . . . . 1 Guns 15 | . 1 2 12 . . . AOE 2 | . 1 1 . . . . Classes Destroyed 9 | 3 1 1 4 . . . Worker 4 | 1 . . 3 . . . Builder 2 | . . . 2 . . . Tunneler 1 | 1 . . . . . . Hauler 2 | . . . 2 . . . Recycler 1 | 1 . . . . . . Watcher 1 | . . . 1 . . . Swarmer 9 | . . 3 6 . . . Grunt 8 | . 2 . 5 . . 1 Sentry 1 | . . . 1 . . . Best Kill Streak 6 | 2 2 3 6 . . 1 Combat Bots Only 5 | . 2 3 5 . . 1 Max Kills in Single Turn 2 | 1 1 1 2 . . 1 Gunslinging 1 | . . . 1 . . . Exploded 1 | . 1 1 . . . . Melee 1 | . . . . . . 1 Uniques/NPCs Destroyed . | . . . . . . . Combat | -11 -10 -10 -9 -9 -7 -6 -------- Run | Yrd Mat Min Mat Min Zio Pro Hostile Shots Fired 192 | . 11 21 81 . . 79 Missed 57 | . 4 4 28 . . 21 Hits 135 | . 7 17 53 . . 58 Melee 1 | . . . . . . 1 Projectile 134 | . 7 17 53 . . 57 Critical Strikes 3 | . . . 1 . . 2 Damage Taken 1914 | 35 99 200 499 . . 1081 Core 463 | . 16 43 108 . . 296 Absorbed by Shields . | . . . . . . . Core Remaining (%) 88 | 100 . 76 . . . . Volleys Fired 68 | 16 4 5 29 . . 14 Largest 2 | 2 2 2 2 . . 2 Hottest 140 | 140 80 80 60 . . 46 Shots Fired 124 | 20 8 10 58 . . 28 Gun 111 | 7 8 10 58 . . 28 Cannon . | . . . . . . . Launcher . | . . . . . . . Special 13 | 13 . . . . . . Kinetic 84 | . . . 56 . . 28 Thermal 27 | 16 4 5 2 . . . Explosive . | . . . . . . . Electromagnetic 13 | 4 4 5 . . . . Robot Hit Streak 6 | 3 2 6 5 . . 4 Robot Miss Streak 5 | 1 1 3 4 . . 5 Penetration Max . | . . . . . . . Secondary Targets 6 | . . . 6 . . . Max Gunslinging Chain 1 | . . . 1 . . . Shots Hit Robots 80 | 5 4 6 47 . . 18 Core Hits 48 | 4 5 3 29 . . 7 Critical Kills 1 | . . . 1 . . . Critical Parts Destroyed . | . . . . . . . Critical Strikes 3 | . 1 . 1 . . 1 Destroy 1 | . . . 1 . . . Corrupt 1 | . 1 . . . . . Impale 1 | . . . . . . 1 Melee Attacks 7 | . . . . . . 7 Impact . | . . . . . . . Slashing . | . . . . . . . Piercing 7 | . . . . . . 7 Sneak Attacks . | . . . . . . . Combat Hostiles . | . . . . . . . Follow-up Attacks . | . . . . . . . Damage Inflicted 1204 | 85 118 115 576 . . 310 Guns 953 | 63 61 72 576 . . 181 Cannons . | . . . . . . . Explosions 122 | 22 57 43 . . . . Melee 129 | . . . . . . 129 Ramming . | . . . . . . . Kinetic 734 | . . . 553 . . 181 Thermal 211 | 33 88 67 23 . . . Explosive . | . . . . . . . Electromagnetic 130 | 52 30 48 . . . . Impact . | . . . . . . . Slashing . | . . . . . . . Piercing 129 | . . . . . . 129 Highest Corruption . | . . . . . . . Average Corruption . | . . . . . . . Corruption Purged . | . . . . . . . Corruption Blocked . | . . . . . . . Overload Shots . | . . . . . . . Overflow Damage . | . . . . . . . Projectiles . | . . . . . . . Explosions . | . . . . . . . Melee . | . . . . . . . Knockbacks . | . . . . . . . Impact . | . . . . . . . Kinetic . | . . . . . . . Secondary . | . . . . . . . Self-Inflicted Damage 64 | 35 . 29 . . . . Shots 2 | 1 . 1 . . . . Rammed . | . . . . . . . Targets Rammed . | . . . . . . . Kicked . | . . . . . . . Crushed . | . . . . . . . Highest Temperature 111 | 72 111 66 14 . . 33 Average Temperature 32 | 35 60 34 9 . . 9 Received Heat Transfer 459 | . 57 57 102 . . 243 Siege Activations . | . . . . . . . Martial Activations . | . . . . . . . Shielding Activations . | . . . . . . . Robots Disrupted . | . . . . . . . Combat Hostiles . | . . . . . . . Robots Corrupted . | . . . . . . . Combat Hostiles . | . . . . . . . Parts Fried . | . . . . . . . Impact Corruptions . | . . . . . . . Robots Melted . | . . . . . . . Combat Hostiles . | . . . . . . . Parts Melted . | . . . . . . . Heat Transferred 350 | 75 175 50 50 . . . Parts Sabotaged 3 | . . . . . . 3 Parts Stolen . | . . . . . . . Parts Stripped . | . . . . . . . Power Chain Reactions 3 | 1 1 1 . . . . Alert | -11 -10 -10 -9 -9 -7 -6 ------- Run | Yrd Mat Min Mat Min Zio Pro Maximum Alert Level 1 | . . . 1 . . . Low Security (%) 96 | 100 100 100 92 100 . . Level 1 3 | . . . 7 . . . Level 2 . | . . . . . . . Level 3 . | . . . . . . . Level 4 . | . . . . . . . Level 5 . | . . . . . . . High Security . | . . . . . . . Max Security . | . . . . . . . Peak Influence 223 | 5 54 83 223 80 . . Initial 80 | . 3 16 4 80 . . Average 44 | 1 15 44 70 39 . . Influence Increases 981 | 15 54 77 351 . 30 454 Destroy 0b10 Robot/C 640 | . 40 60 240 . 20 280 Destroy 0b10 Robot/NC 65 | 15 . . 40 . . 10 Destroy Leader 106 | . 10 10 56 . . 30 Allied During Kill 144 | . . . . . 10 134 Destroy Structure 11 | . 4 7 . . . . Lose Combat Pursuer 15 | . . . 15 . . . Influence Decreases 727 | 10 15 108 157 207 30 200 Entered New Map 166 | . 2 28 9 127 . . Time Decay 441 | 10 13 70 138 80 30 100 Lost Part 80 | . . 10 10 . . 60 Lost Ally 40 | . . . . . . 40 Squads Dispatched 4 | . 1 . 2 . . 1 Investigation . | . . . . . . . Extermination . | . . . . . . . Reinforcement 3 | . 1 . 2 . . . Assault 1 | . . . . . . 1 Garrison . | . . . . . . . Intercept . | . . . . . . . Searches Triggered . | . . . . . . . Construction Impeded . | . . . . . . . Haulers Reinforced . | . . . . . . . Active Scanning Responses . | . . . . . . . Cargo Convoy Interrupts . | . . . . . . . Stealth | -11 -10 -10 -9 -9 -7 -6 --------- Run | Yrd Mat Min Mat Min Zio Pro Distress Signals 4 | . 1 . 2 1 . . Communications Jammed . | . . . . . . . Distress Signals . | . . . . . . . Times Spotted 50 | . 3 5 26 . . 16 Peak Tracking Total 7 | . 4 3 7 . . 7 Tactical Retreats 1 | . . . 1 . . . Traps | -11 -10 -10 -9 -9 -7 -6 ------- Run | Yrd Mat Min Mat Min Zio Pro Traps Triggered . | . . . . . . . Indirectly . | . . . . . . . Trap Hack Attempts . | . . . . . . . Triggered . | . . . . . . . Disarmed . | . . . . . . . Reprogrammed . | . . . . . . . Reused . | . . . . . . . Traps Extracted . | . . . . . . . Installed . | . . . . . . . Triggered . | . . . . . . . Machines | -11 -10 -10 -9 -9 -7 -6 ---------- Run | Yrd Mat Min Mat Min Zio Pro Machines Disabled . | . . . . . . . Max in Single Turn . | . . . . . . . Machines Repaired . | . . . . . . . Machines Dismantled . | . . . . . . . Machines Sabotaged . | . . . . . . . Overloaded Fab Kills . | . . . . . . . Hacking | -11 -10 -10 -9 -9 -7 -6 --------- Run | Yrd Mat Min Mat Min Zio Pro Machines Accessed 1 | . . . 1 . . . Terminals 1 | . . . 1 . . . Fabricators . | . . . . . . . Repair Stations . | . . . . . . . Recycling Units . | . . . . . . . Scanalyzers . | . . . . . . . Garrison Access . | . . . . . . . Total Hacks 2 | . . . 2 . . . Successful 1 | . . . 1 . . . Failed 1 | . . . 1 . . . Catastrophic . | . . . . . . . Database Lockouts . | . . . . . . . Manual 3 | . . . . . 3 . Terminals 2 | . . . 2 . . . Fabricators . | . . . . . . . Repair Stations . | . . . . . . . Recycling Units . | . . . . . . . Scanalyzers . | . . . . . . . Garrison Access . | . . . . . . . Terminal Hacks 1 | . . . 1 . . . Dispatch Records 1 | . . . 1 . . . Fabricator Hacks . | . . . . . . . Repair Station Hacks . | . . . . . . . Recycling Unit Hacks . | . . . . . . . Scanalyzer . | . . . . . . . Garrison Access Hacks . | . . . . . . . Unauthorized Hacks . | . . . . . . . Terminals . | . . . . . . . Fabricators . | . . . . . . . Repair Stations . | . . . . . . . Recycling Units . | . . . . . . . Scanalyzers . | . . . . . . . Garrison Access . | . . . . . . . Data Cores Recovered . | . . . . . . . Used . | . . . . . . . Hacking Detections . | . . . . . . . Full Trace Events . | . . . . . . . Feedback Events . | . . . . . . . Feedback Blocked . | . . . . . . . Robot Schematics Acquired . | . . . . . . . Robots Built . | . . . . . . . Authchips . | . . . . . . . Time . | . . . . . . . Total Robot Build Rating . | . . . . . . . Part Schematics Acquired . | . . . . . . . Parts Built . | . . . . . . . Authchips . | . . . . . . . Time . | . . . . . . . Total Part Build Rating . | . . . . . . . Parts Repaired . | . . . . . . . Time . | . . . . . . . Parts Recycled . | . . . . . . . Recycled Matter . | . . . . . . . Retrieved Matter . | . . . . . . . Retrieved Components . | . . . . . . . Parts Scanalyzed . | . . . . . . . Part Schematics Acquired . | . . . . . . . Parts Damaged . | . . . . . . . Bothacking | -11 -10 -10 -9 -9 -7 -6 ------------ Run | Yrd Mat Min Mat Min Zio Pro Used RIF Installer . | . . . . . . . Robots Hacked . | . . . . . . . Non-combat . | . . . . . . . Combat . | . . . . . . . Robot Hacks Applied . | . . . . . . . Relay Couplers Released . | . . . . . . . Fabnet Peak Effective % . | . . . . . . . Robots Rewired . | . . . . . . . Allies Hacked . | . . . . . . . Hacks Repelled . | . . . . . . . Allies | -11 -10 -10 -9 -9 -7 -6 -------- Run | Yrd Mat Min Mat Min Zio Pro Total Allies 8 | . . . . 2 6 . Largest Group 6 | . . . . 2 6 2 Highest-Rated Group 344 | . . . . 43 344 192 Highest-Rated Ally 96 | . . . . 31 96 96 Total Orders . | . . . . . . . Ally Attacks 51 | . . . . . 6 45 Total Damage 1741 | . . . . . 180 1561 Kills 16 | . . . . . 1 15 Allies Corrupted . | . . . . . . . Allies Melted 1 | . . . . . . 1 Intel | -11 -10 -10 -9 -9 -7 -6 ------- Run | Yrd Mat Min Mat Min Zio Pro Active Infowar (turns) 771 | 125 97 141 408 . . . Seismic 771 | 125 97 141 408 . . . Robot Analysis Total . | . . . . . . . Derelict Logs Recovered 1 | . . . . . 1 . Drone Launches . | . . . . . . . Drone Recoveries . | . . . . . . . Exploration | -11 -10 -10 -9 -9 -7 -6 ------------- Run | Yrd Mat Min Mat Min Zio Pro Turns Passed 2777 | 176 97 141 445 180 1486 252 Spaces Moved 1937 | 82 68 102 221 151 1181 132 Core 14 | 14 . . . . . . Treads 107 | . . . 107 . . . Legs 1816 | 68 68 102 114 151 1181 132 Wheels . | . . . . . . . Hover . | . . . . . . . Flight . | . . . . . . . Fastest Speed 50 | 50 120 120 120 120 120 122 Average Speed 124 | 108 120 120 143 120 121 134 Slowest Speed 195 | 120 120 120 190 120 122 195 Overloaded Moves . | . . . . . . . Propulsion Burnouts . | . . . . . . . Robots Hopped . | . . . . . . . Potential Cave-ins . | . . . . . . . Cave-ins Triggered . | . . . . . . . Exploration Rate (%) 35 | 8 19 36 25 47 87 29 Regions Visited 6 Branch Regions 4 Pre-discovered Areas 1 | . . . . . 1 . Known Exits Taken . | . . . . . . . Unknown Exits Taken 6 | 1 1 1 1 1 1 . Scrap Searched 3 | . . . . . 3 . Spaces Dug 1 | 1 . . . . . . Terrain Destroyed 16 | 5 4 7 . . . . Melee . | . . . . . . . Projectile 2 | 2 . . . . . . AOE 14 | 3 4 7 . . . . Terrain Rammed . | . . . . . . . Walls Destroyed . | . . . . . . . Machines Disabled . | . . . . . . . Actions | -11 -10 -10 -9 -9 -7 -6 --------- Run | Yrd Mat Min Mat Min Zio Pro Total 2155 | 120 76 110 295 150 1234 170 Wait 43 | . . 3 . . 40 . Move 1931 | 81 67 101 220 150 1180 132 Hop . | . . . . . . . Pick Up 41 | 12 2 1 17 . 5 4 Fast Attach 4 | 3 . . 1 . . . Attach 13 | 4 . . 5 . . 4 Detach . | . . . . . . . Swap 21 | 4 1 . 10 . 3 3 Drop 25 | . 2 . 13 . 6 4 Fire 68 | 16 4 5 29 . . 14 Melee 7 | . . . . . . 7 Ram . | . . . . . . . Kick . | . . . . . . . Crush . | . . . . . . . Escape Stasis . | . . . . . . . Rewire 2 | . . . . . . 2 Trap . | . . . . . . . Miscellaneous . | . . . . . . . Route ------- -11/Scrapyard -10/Materials -10/Mines -9/Materials -9/Mines -7/Zion -6/Proximity Caves History --------- Turn | Location | Event 13 | -11/Scrapyard | Discovered new exit (range 16) 177 | -11/Scrapyard | Entered Materials 259 | -10/Materials | Discovered new exit (range 9) 274 | -10/Materials | Entered Mines 282 | -10/Mines | Met a Derelict bent on vengeance 313 | -10/Mines | Build established: Mutant 405 | -10/Mines | Discovered new exit (range 4) 415 | -10/Mines | Entered Materials 415 | -9/Materials | Evolved 2 slots: Propulsion x2 700 | -9/Materials | Discovered new exit (range 14) 860 | -9/Materials | Entered Mines 872 | -9/Mines | Assembled infested the area 1038 | -9/Mines | A Derelict revealed a hidden shortcut to a safe place 1040 | -9/Mines | Entered Zion 1040 | -7/Zion | Accompanied by 1 ally 1064 | -7/Zion | Given the Hacking Drone Bay 1084 | -7/Zion | Found Prototype Device 1090 | -7/Zion | Led the pair of lost Derelicts to a safe place 1192 | -7/Zion | Learned location of Extension (-4) 1375 | -7/Zion | Given A8's code to call for help 1448 | -7/Zion | Found GAL Module 1481 | -7/Zion | Received a visual enhancement algorithm 1482 | -7/Zion | Ran a visual enhancement algorithm 1488 | -7/Zion | Ran a visual enhancement algorithm 1496 | -7/Zion | Enhanced Grunt warped into view, answering call for help 1505 | -7/Zion | Enhanced Grunt warped into view, answering call for help 1751 | -7/Zion | Found CR-A16's Pointy Stick 1941 | -7/Zion | Met Imprinter 2244 | -7/Zion | Imprinted 2246 | -7/Zion | Declared Zion's savior 2502 | -7/Zion | Discovered new exit (range 12) 2526 | -7/Zion | Entered Proximity Caves 2526 | -6/Proximity Caves | Accompanied by 2 allies 2617 | -6/Proximity Caves | Spotter reported a threat 2647 | -6/Proximity Caves | Attracted the attention of an 0b10 outpost 2649 | -6/Proximity Caves | Core integrity fell below 50% 2674 | -6/Proximity Caves | Received a Behemoth hack from an annoying Tinkerer 2695 | -6/Proximity Caves | Lost 3 parts (1p2n) 2759 | -6/Proximity Caves | Core integrity fell below 20% 2778 | -6/Proximity Caves | Lost 3 allies 2778 | -6/Proximity Caves | Destroyed by G-50 Soldier with Heavy Laser Last Messages --------------- Acquired Propulsion Shielding. Carbon-fiber Leg fries itself beyond repair. G-50 Soldier destroyed. Segregator fries itself beyond repair. Acquired 39 matter. Dropped Mining Laser. Acquired 7 matter. Acquired 3 matter. Lgt. Angular Momentum Engine fries itself beyond repair. Enhanced Grunt suffers critical hit (Burn). Enhanced Grunt destroyed. Aluminum Leg destroyed. Critical hit (Burn: +37). Ion Engine destroyed. Imp. Titanium Leg destroyed. G-67 Veteran suffers critical hit (Impale). G-67 Veteran destroyed. Flexi-carbon Leg fries itself beyond repair. Field Laser fries itself beyond repair. Acquired Flexi-carbon Leg. Map ----- +----------------------------------------------------+ | #????###????????????????????????? | | #???# ##???????????????????????? | | "##### #??? #???????????????????????? | | ###???# ##?? #???????????????????????? | | # ##?????# ### ##??????????????????????? | | #### ##??????# #??????????????????????? | | ???####??????## #??????????????????????? | | ????????????## ##??###?????????????????? | | ????????????# ##??# ##????????????????? | | ????????????# ##??? #??#?????????????? | | ????????????## ##???# #?? #?????????????? | | ?????????????## #?### #? #?????????????? | | ??????????????# ### #? #?????????????? | | ?????????????## % = #??# #?????????????? | | ?????????????# % ##?# #?????????????? | | ??????????# ## % ##%! ### ##????????????? | | ??????????# # % % #!! * #????????????? | | ??????????# # !% % #%! [[ ###?????????????? | | ?????????# # ###["### #" ##???????????????? | | ???????? ??# [[ ; | "#?###????????????????? | | ????????? ???# # %###????????????????????? | | ???????????????#""""""# #??????????????????????? | | ???????????????######## #??????????????????????? | | ?????????? g% #??????????????????????? | | ?????????? ##### %######## ???????? | | ??????????? ????????# @ ???????? | | ???????????????????????# ???????? | | ???????????????????????##;# ##### ???????? | | ????????????????????????### #???????? ????????? | | ??????????????????????????? #????????????????????? | | ??????????????????????????? ????????????????????? | | ???????????????????????????? ????????????????????? | | ???????????????????????????? ???????????????????? | | ???????????????????????????? ???????????????????? | | ???????????????????????????? ???????????????????? | | ????????????????????????????? ??????????????????? | | ????????????????????????????? ??????????????????? | | ????????????????????????????? #??????????????????? | | ?????????????????????????????##??????????????????? | | ?????????????????????????????????????????????????? | | ?????????????????????????????????????????????????? | | ?????????????????????????????????????????????????? | | ?????????????????????????????????????????????????? | | ?????????????????????????????????????????????????? | | ?????????????????????????????????????????????????? | | ?????????????????????????????????????????????????? | | ?????????????????????????????????????????????????? | | ?????????????????????????????????????????????????? | | ?????????????????????????????????????????????????? | | ?????????????????????????????????????????????????? | +----------------------------------------------------+ Best States ------------- Heat Dissipation 28 Energy Generation 10 Energy Capacity 250 Matter Stores 300 Matter Capacity 300 Sight Range 16 Terrain Scan Density 10 Armor Coverage 150 Evasion (%) 55 Recoil Reduction 2 Item Schematics ----------------- None Robot Schematics ------------------ None Fabricated ------------ Nothing Repaired ---------- Nothing Alien Tech Used ----------------- None Achievements -------------- Help From High Places Robot Respite The One Challenges ------------ None Game ------ Seed CombatWeightJammer Manual? 0 Play Time 00:48:26 Cumulative 16.0 hours Start 2025.08.30 @ 19:51:17 End 2025.08.31 @ 02:16:03 Sessions 1 Manual Loads 0 Difficulty Rogue Special Mode None Game No. 12 Rogue 12 Adventurer 0 Explorer 0 Win Type - Total 0 Types 0/0/0/0/0/0/0/0/0/0 Lore% 5 Gallery% 20 Achievement% 18 Wizard Run 0 Options --------- Layout 0 ASCII 0 Keyboard 0 Movement Mouse Keybinds 0 Fullscreen 1 Font 12/Smallcaps Map View 38x28 Zoom Use 100% Tactical HUD 0 Map Filters NONE Filters NONE Steam SD RUN: 38ed5ca6-add4-4939-aea6-91b7a2b795c9